[Event "Early-Titled-Tuesday-Blitz-February-27-2024"]
[Site "Chess.com"]
[Date "2024.02.27"]
[Round "10"]
[White "krzyzan94"]
[Black "banhgiahuy2606"]
[Result "1-0"]
[WhiteElo "2800"]
[BlackElo "2655"]
[TimeControl "180+1"]
[EndTime "9:56:10 PST"]
[Termination "krzyzan94 won on time"]

1. Nf3 Nf6 2. g3 e6 3. Bg2 d5 4. O-O Be7 5. c4 O-O 6. b3 b6 7.
cxd5 Nxd5 8. Bb2 Bb7 9. Nc3 c5 10. Rc1 Nd7 11. d4 Rc8 12. Nxd5 Bxd5 13. dxc5 Rxc5 14.
Qd2 Rxc1 15. Rxc1 Nc5 16. Qf4 Bf6 17. Bxf6 Qxf6 18. Qxf6 gxf6 19. Nd4 Bxg2 20. Kxg2 Rd8 21. e3 Kg7 22. b4 Na6 23. a3 Rd7 24. Rc8 Nc7 25. g4 Nd5 26. Ra8 Rc7 27. Kf3 Nc3 28.
b5 Nb1 29. Nc6 Nxa3 30. Nxa7 Rc5 31. Nc8 Nc4 32. Ne7 Rxb5 33. Rg8+ Kh6 34. h4 Ne5+ 35. Kg3 Ng6 36. Nc8 Rd5 37. Nxb6 Rd3 38. Nc4 Ne7 39. g5+ fxg5 40. hxg5+ Kh5 41. Rg7 Nf5+ 42. Kf4 Nxg7 43. Ne5 Rd2 44. f3 Rd8 45. Ng4 Nf5 46. e4 Nd4 47.
Ne5 h6 48. gxh6 f6 49. Nf7 e5+ 50. Kg3 Ne2+ 51. Kf2 Rd2 52. h7 Nf4+ 53. Ke1 Re2+ 54. Kf1 1-0

[Event "Early-Titled-Tuesday-Blitz-February-27-2024"]
[Site "Chess.com"]
[Date "2024.02.27"]
[Round "10"]
[White "NikitaShnadrygin"]
[Black "LimeInTheCoconut"]
[Result "0-1"]
[WhiteElo "2605"]
[BlackElo "2513"]
[TimeControl "180+1"]
[EndTime "9:56:11 PST"]
[Termination "LimeInTheCoconut won by resignation"]

1. e4 e5 2. Nf3 Nc6 3. Bb5 g6 4. c3 d6 5. d4 Bd7 6. O-O Bg7 7.
dxe5 Nxe5 8. Bxd7+ Qxd7 9. Nd4 Nf6 10. Qc2 O-O 11. f4 Nc6 12. Nf3 Rfe8 13. Re1 Qg4 14. Na3 Nh5 15. Nb5 Re7 16. h3 Qg3 17. Qf2 a6 18. Nbd4 Rae8 19. Nxc6 bxc6 20. e5 dxe5 21. Qxg3 Nxg3 22. fxe5 Bxe5 23. Bg5 f6 24. Bh4 Nf5 25. Bf2 Kf7 26. Rad1 Bd6 27. g4 Rxe1+ 28. Rxe1 Rxe1+ 29. Nxe1 Ne7 30. Kg2 Ke6 31. Kf3 f5 32. Nc2 c5 33. Ne3 fxg4+ 34. hxg4 h5 35. gxh5 gxh5 36. Nc4 Nd5 37. Ke4 Nb6 38. Nd2 Na4 39. Nc4 Be7 40. Kd3 h4 41. b3 Nb6 42. Nd2 Nd5 43. Ne4 h3 44. Bg3 Bd6 45. Ke2 Nf4+ 46. Bxf4 Bxf4 47. Kf3 Bd6 48. Nf2 h2 49. Kg2 Ke5 50. Ng4+ Ke4 51. Nf6+ Kd3 52. c4 Kc3 53. Nd7 Kb2 54. Nb8 Kxa2 55.
b4 cxb4 56. Nxa6 b3 57. c5 Bxc5 58. Nxc5 b2 0-1

[Event "Early-Titled-Tuesday-Blitz-February-27-2024"]
[Site "Chess.com"]
[Date "2024.02.27"]
[Round "10"]
[White "amanjazu"]
[Black "edgarhay012"]
[Result "0-1"]
[WhiteElo "2527"]
[BlackElo "2648"]
[TimeControl "180+1"]
[EndTime "9:56:12 PST"]
[Termination "edgarhay012 won by resignation"]

1. g3 d5 2. Bg2 c6 3. f4 h5 4. Nf3 Nf6 5. O-O Bf5 6. d3 Nbd7 7. Nc3 e6 8. Qe1 Nc5 9. h3 Be7 10. Kh2 Qc7 11. Be3 O-O-O 12. Bf2 Rh6 13. Ne5 Bd6 14. e4 dxe4 15. dxe4 Bh7 16. Nc4 Bf8 17. b4 Na6 18.
a3 h4 19. Bxa7 hxg3+ 20. Qxg3 Nh5 21. Qe3 b5 22. Bb6 Qb8 23. Ne5 Nxf4 24. Nxc6 Nxg2+ 25. Kxg2 Rg6+ 26. Kh1 Qg3 27. Qxg3 Rxg3 28. Nxd8 Rxc3 29.
Nxf7 Bxe4+ 30. Kg1 Be7 31. Rad1 Bd5 32. Bd4 Rg3+ 33. Kf2 Bh4 34. Ke2 Bc4+ 35. Kd2 e5 36. Nd6+ Kd7 37. Bxe5 Bg5+ 38. Rf4 Rg2+ 39. Kc3 Ke6 40.
Nxc4 bxc4 41. Re4 Kf5 42. Ree1 Bh4 43. Re3 Bg5 44. Rf1+ Ke6 45. Re4 Kd5 46. Rd4+ Kxe5 47. Kxc4 Rxc2+ 48. Kb5 Nc7+ 49. Kb6 Kxd4 50. Rd1+ Ke4 51.
a4 Nd5+ 52. Ka5 Be7 53. b5 Ra2 54. Re1+ Kd4 55. Rd1+ Ke5 56. Re1+ Kd6 57. b6 Bd8 58. Rb1 Bxb6+ 59. Rxb6+ Nxb6 60. Kxb6 Rxa4 0-1

[Event "Early-Titled-Tuesday-Blitz-February-27-2024"]
[Site "Chess.com"]
[Date "2024.02.27"]
[Round "10"]
[White "Knightmare1014"]
[Black "NovakRatko"]
[Result "0-1"]
[WhiteElo "2317"]
[BlackElo "2480"]
[TimeControl "180+1"]
[EndTime "9:56:13 PST"]
[Termination "NovakRatko won by checkmate"]

1. e4 d5 2. exd5 c6 3. dxc6 Nxc6 4. Nf3 e5 5. d3 Bc5 6. Be2 Nf6 7. h3 Bf5 8. O-O h6 9. Be3 Bxe3 10. fxe3 Qb6 11. Qd2 e4 12. Nh4 Be6 13. Nc3 exd3 14. cxd3 O-O-O 15. Kh1 Ne5 16. d4 Kb8 17.
Na4 Qd6 18. Qc2 Nc6 19. Nf5 Bxf5 20. Qxf5 Rhe8 21. Bf3 Rxe3 22. d5 Nd4 23. Qb1 Nxf3 24. Rxf3 Rxf3 25. gxf3 Qxd5 26. Qf1 Nh5 27. Nc3 Ng3+ 28.
Kg2 Qg5 29. Qe1 Rd2+ 30. Qxd2 Qxd2+ 31. Kxg3 Qxb2 32. Re1 Qxc3 33. Re8+ Kc7 34. Re7+ Kc6 35. Rxf7 Qe5+ 36. f4 Qc3+ 37. Kg4 a5 38. Kf5 b5 39. Rf8 Kb6 40. Rb8+ Kc7 41. Rxb5 Qd3+ 42. Ke6 Qxb5 43. Kf7 Qb2 44. Kg6 Qf6+ 45. Kh5 Qf5+ 46. Kh4 Qxf4+ 47. Kh5 Qf7+ 48. Kh4 Qxa2 49. Kh5 Qd5+ 50. Kh4 Qe4+ 51. Kh5 Qf5+ 52. Kh4 Qxh3+ 53. Kxh3 a4 54. Kh4 a3 55. Kh5 a2 56. Kg6 a1=Q 57. Kh7 h5 58. Kg8 h4 59.
Kf8 g5 60. Ke8 Qe5+ 61. Kf7 Qf5+ 62. Ke7 g4 63. Ke8 Kd6 64. Kd8 Qf8# 0-1

[Event "Early-Titled-Tuesday-Blitz-February-27-2024"]
[Site "Chess.com"]
[Date "2024.02.27"]
[Round "10"]
[White "ansko1999"]
[Black "Zohid6"]
[Result "0-1"]
[WhiteElo "2742"]
[BlackElo "2873"]
[TimeControl "180+1"]
[EndTime "9:56:14 PST"]
[Termination "Zohid6 won by resignation"]

1. Nf3 Nf6 2. c4 e6 3. g3 d5 4. Bg2 d4 5. O-O c5 6. d3 Nc6 7. e3 Be7 8. exd4 cxd4 9. Na3 O-O 10. Rb1 a5 11. Nc2 e5 12. Re1 Bd6 13. a3 a4 14.
c5 Bc7 15. Nb4 Nd7 16. Qc2 Ra5 17. Bd2 Rxc5 18. Qxa4 Nb6 19. Qb3 Na5 20. Qd1 Be6 21.
Rc1 Rxc1 22. Bxc1 f6 23. Nd2 Bd6 24. Ne4 Be7 25. f4 Qc8 26. fxe5 fxe5 27. Bg5 Bxb4 28. axb4 Bg4 29. Qa1 Nb3 30. Qa2 Be6 31. Qa7 Nd5 32.
Nc5 Nxb4 33. Nxe6 Qxe6 34. Qxb7 Nc5 35. Qxb4 Nxd3 36. Qb7 Kh8 37. Rf1 Rxf1+ 38. Bxf1 h6 39. Qb8+ Kh7 40. Bxd3+ e4 41. Bf4 exd3 42. Qb4 g5 43.
Bd2 Qe2 44. Qb7+ Kg6 45. Qc6+ Kh5 46. Qg2 Qd1+ 47. Qf1 Qxd2 48. h3 Qe3+ 49. Kg2 Qe2+ 50.
Qf2 Kg6 51. g4 Kg7 52. b4 Qe4+ 53. Kf1 Qh1+ 54. Qg1 Qxg1+ 55. Kxg1 d2 0-1

[Event "Early-Titled-Tuesday-Blitz-February-27-2024"]
[Site "Chess.com"]
[Date "2024.02.27"]
[Round "10"]
[White "ChessQueen"]
[Black "Susal_De_Silva"]
[Result "1-0"]
[WhiteElo "2768"]
[BlackElo "2620"]
[TimeControl "180+1"]
[EndTime "9:56:20 PST"]
[Termination "ChessQueen won on time"]

1. Nf3 Nf6 2. g3 b6 3. Bg2 Bb7 4. d3 d5 5. O-O g6 6. Bf4 Bg7 7. Qc1 O-O 8. Bh6 c5 9. Bxg7 Kxg7 10. Re1 Nc6 11. e4 dxe4 12. dxe4 e5 13. Nc3 Re8 14. h4 h6 15. Nd2 Nd4 16. Nc4 b5 17. Ne3 b4 18.
Ncd5 Ba6 19. Qd1 Nxd5 20. Nxd5 Bb7 21. c3 bxc3 22. bxc3 Nb5 23. Qb3 Bxd5 24. Qxb5 Be6 25. Qxc5 Qf6 26. Rec1 Red8 27. Qe3 g5 28. hxg5 hxg5 29.
f3 Rd7 30. Rd1 Rxd1+ 31. Rxd1 Bxa2 32. Ra1 Be6 33. Rxa7 Rb8 34. Ra1 Rb2 35. Rc1 g4 36.
f4 Bc4 37. fxe5 Qxe5 38. Qd4 Qxd4+ 39. cxd4 Be2 40. Rc3 Rd2 41. d5 Kf6 42. Rc7 Bf3 43. Bxf3 gxf3 44. Rc3 Ke5 45. Rxf3 Kxe4 46. Rxf7 Rxd5 47.
Kg2 Rf5 48. Re7+ Kd5 49. g4 Kd6 50. Re1 Re5 51. Rf1 Ke6 52. Kg3 Rd5 53. Kh4 Rc5 54. g5 Rc7 55. Kh5 Rc5 56. Kh6 Rc2 57. g6 Rh2+ 58.
Kg7 Rg2 59. Kh7 Rh2+ 60. Kg8 Rg2 61. g7 Rg3 62. Kf8 1-0

[Event "Early-Titled-Tuesday-Blitz-February-27-2024"]
[Site "Chess.com"]
[Date "2024.02.27"]
[Round "10"]
[White "Kotlyar_K"]
[Black "wannabe2700"]
[Result "0-1"]
[WhiteElo "2595"]
[BlackElo "2755"]
[TimeControl "180+1"]
[EndTime "9:56:22 PST"]
[Termination "wannabe2700 won by checkmate"]

1. d4 f5 2. c4 Nf6 3. g3 g6 4.
Nf3 Bg7 5. Bg2 O-O 6. O-O d6 7. Nc3 c6 8. Rb1 a5 9. Qb3 h6 10. Rd1 Kh7 11. a3 Na6 12. Be3 Qe8 13. d5 cxd5 14.
Nxd5 a4 15. Qb6 Bd7 16. Qxb7 Nxd5 17. cxd5 Qc8 18. Qxc8 Rfxc8 19. Bd4 Rab8 20. Rd2 Nc5 21. Bxg7 Kxg7 22. Nd4 Rb6 23. Rc1 Rcb8 24. Rcc2 Kf6 25. h3 g5 26. f3 f4 27. Kf2 Be8 28. e3 fxe3+ 29. Kxe3 Bg6 30. Rc1 Rxb2 31. Rxb2 Rxb2 32. Bf1 Ra2 33. Rc3 Bf7 34. Bc4 Rh2 35. Ne2 Rxh3 36.
g4 h5 37. gxh5 Bxh5 38. Kf2 Rh2+ 39. Kg3 Rh4 40. Kg2 Ke5 41. Ng3 Bg6 42. Be2 Kxd5 43. Re3 e5 44. Rc3 Rd4 45. Kf2 Ne6 46. Ke3 Nf4 47.
Bf1 Ke6 48. Kf2 Rd2+ 49. Ke3 Rb2 50. Ne4 Nd5+ 51. Kd3 Bxe4+ 52. fxe4 Nxc3 53. Kxc3 Rf2 54. Bc4+ Kf6 55. Bb5 g4 56. Bxa4 g3 57. Bc6 g2 58.
Kc4 g1=Q 59. Kd5 Qc1 60. Kxd6 Qxa3+ 61. Kd7 Rd2+ 62. Bd5 Qc5 63. Ke8 Rxd5 64. exd5 Qe7# 0-1

[Event "Early-Titled-Tuesday-Blitz-February-27-2024"]
[Site "Chess.com"]
[Date "2024.02.27"]
[Round "10"]
[White "pr1105"]
[Black "Cheer_Down"]
[Result "1-0"]
[WhiteElo "2344"]
[BlackElo "2467"]
[TimeControl "180+1"]
[EndTime "9:56:22 PST"]
[Termination "pr1105 won by resignation"]

1. e4 e5 2. Nf3 Nc6 3. Bb5 a6 4. Ba4 Nf6 5. O-O Be7 6. Re1 b5 7. Bb3 d6 8. c3 O-O 9. h3 Nb8 10. d4 Nbd7 11. c4 c6 12. Nc3 b4 13. Na4 c5 14. dxc5 dxc5 15. Bc2 Bb7 16. b3 Qc7 17. Nh4 g6 18. Bg5 Rfd8 19. Qf3 a5 20. Rad1 Ra6 21. g4 Nf8 22. Rxd8 Qxd8 23. Rd1 Rd6 24. Nb2 Rxd1+ 25.
Nxd1 Ne6 26. Bxf6 Bxf6 27. Ng2 Nd4 28. Qd3 Bg5 29. Nde3 Qf6 30. Nd5 Qe6 31. Bd1 Kg7 32. h4 Bd8 33. g5 h6 34. Qg3 hxg5 35. hxg5 Bxd5 36. cxd5 Qe7 37. Ne3 Qxg5 38. Qxg5 Bxg5 39. Nc4 Bd8 40. Nxe5 Bc7 41. Nc6 f6 42. Nxd4 cxd4 43. Kf1 Kf8 44. Ke2 Ke7 45. Kd3 Bb6 46. f4 Kd6 47. Bg4 g5 48. fxg5 fxg5 49. Bf5 Ke5 50.
Bg4 Bc7 51. Be2 Bd6 52. Bd1 Bc5 53. Be2 Kf4 54. d6 Ke5 55. d7 Be7 56. Bg4 Bd8 57. Bf5 Bb6 58. Bg4 Kf4 59. Bf5 g4 60. Be6 g3 61.
Bh3 Kf3 62. e5 g2 63. Bxg2+ Kxg2 64. e6 Bd8 65. Kxd4 Kf3 66. Kd5 Kf4 67. Kd6 Bb6 68.
e7 1-0

[Event "Early-Titled-Tuesday-Blitz-February-27-2024"]
[Site "Chess.com"]
[Date "2024.02.27"]
[Round "10"]
[White "Barbix1"]
[Black "AlainBruxelles"]
[Result "1/2-1/2"]
[WhiteElo "2290"]
[BlackElo "2419"]
[TimeControl "180+1"]
[EndTime "9:56:22 PST"]
[Termination "Game drawn by repetition"]

1. e4 c5 2. Nf3 d6 3. Bb5+ Bd7 4. Bxd7+ Qxd7 5. O-O Nc6 6. c3 e5 7. d4 Nf6 8. Na3 Be7 9. dxe5 dxe5 10. Qxd7+ Nxd7 11. Be3 O-O 12. Rab1 Nf6 13. Nd2 Ng4 14. Ndc4 Rfd8 15. f3 Nxe3 16. Nxe3 Bf8 17. Nd5 Rd7 18. Nc4 Rad8 19.
a4 f6 20. Kf2 Ne7 21. Nce3 Nxd5 22. Nxd5 c4 23. Rfd1 Kf7 24. Rd2 Ke6 25. Rbd1 Bc5+ 26. Ke2 a6 27. a5 Be7 28. g3 Kf7 29. f4 Bd6 30. Kf3 Bc5 31. h3 Rd6 32. Ke2 R8d7 33. Kf3 Ba7 34. Ke2 Bb8 35. fxe5 fxe5 36. Rf1+ Ke6 37.
Rdd1 Bc7 38. Rf3 Bxa5 39. Rdf1 Bd8 40. Rf8 Be7 41. Re8 Rc6 42. Rff8 b5 43. Rh8 h6 44. Rhg8 Kf7 45. Rh8 Bf6 46. Rhf8+ Kg6 47. h4 h5 48. Kf3 Rf7 49. Rxf7 Kxf7 50. Ra8 Ke6 51. Ne3 g6 52.
Nd5 Be7 53. Rg8 Kf7 54. Ra8 Bf6 55. Ra7+ Ke6 56. Ra8 Kf7 57. Ra7+ Ke6 58. Ra8 1/2-1/2

[Event "Early-Titled-Tuesday-Blitz-February-27-2024"]
[Site "Chess.com"]
[Date "2024.02.27"]
[Round "10"]
[White "Atousa"]
[Black "Fjal"]
[Result "1-0"]
[WhiteElo "2469"]
[BlackElo "2266"]
[TimeControl "180+1"]
[EndTime "9:56:24 PST"]
[Termination "Atousa won by resignation"]

1. e4 d6 2. d4 Nf6 3. Nc3 g6 4. Nf3 Bg7 5. Bc4 O-O 6. O-O Nxe4 7. Nxe4 d5 8. Bd3 dxe4 9. Bxe4 c5 10. dxc5 Qc7 11. Be3 Na6 12. c3 Nxc5 13. Bc2 b6 14. Re1 Bb7 15. Bd4 Rad8 16. Qe2 Ne6 17. Bxg7 Kxg7 18.
Be4 Bc8 19. Qe3 Rd6 20. h4 h5 21. Ng5 Nxg5 22. Qxg5 Rfd8 23. Bf3 Rf6 24. Re5 Bf5 25.
Rae1 e6 26. Bxh5 Rd2 27. Qxd2 gxh5 28. Qd4 Qc6 29. R5e3 Qd5 30. Qxd5 exd5 31. Re7 a5 32. Rb7 Be4 33. f3 Bd3 34. Ree7 b5 35. Kf2 a4 36.
Ke3 Bc4 37. a3 Kg6 38. Kd4 Rf4+ 39. Ke5 Rf5+ 40. Kd6 Rf6+ 41. Kc5 Rf5 42. Rb6+ Kg7 43. Kd4 Rf4+ 44. Ke5 Rxh4 45. Rf6 d4 46. cxd4 Rh2 47. g4 Re2+ 48. Kd6 Re6+ 49. Rfxe6 Bxe6 50. Rc7 hxg4 51. fxg4 Bxg4 52. Rc5 Be2 53. Rf5 Bc4 54. Rf2 Kg6 55.
d5 f5 56. Kc5 Kf6 57. d6 Ke6 58. Rf3 Kd7 59. Rf4 Bd3 60. Rf3 Be4 61. Rh3 Ke6 62.
Rh6+ Ke5 63. Rh7 Ke6 64. d7 f4 65. d8=Q Bxh7 66. Qe8+ Kf5 67. Qf8+ Kg6 68. Qd6+ Kg7 69.
Qxf4 Bg6 70. Qc7+ Bf7 71. Kxb5 Kf6 72. Kxa4 Be8+ 73. Ka5 Bf7 74. b4 1-0

[Event "Early-Titled-Tuesday-Blitz-February-27-2024"]
[Site "Chess.com"]
[Date "2024.02.27"]
[Round "10"]
[White "wonderfultime"]
[Black "Hikaru"]
[Result "1-0"]
[WhiteElo "3129"]
[BlackElo "3231"]
[TimeControl "180+1"]
[EndTime "9:56:35 PST"]
[Termination "wonderfultime won by resignation"]

1. d4 Nf6 2. Nf3 c5 3. c3 b6 4. Bf4 Bb7 5. e3 d6 6. Nbd2 Nbd7 7. h3 g6 8. Bh2 Bg7 9. Bd3 O-O 10. O-O Qc8 11.
Qe2 d5 12. Rfd1 e6 13. Rac1 c4 14. Bc2 b5 15. e4 dxe4 16. Nxe4 Nxe4 17. Bxe4 Bxe4 18.
Qxe4 Nf6 19. Qh4 Nd5 20. Be5 f6 21. Bd6 Rd8 22. Bc5 e5 23. Re1 Nf4 24. Ba3 Nd3 25. dxe5 fxe5 26. Ng5 h6 27. Ne4 Nxc1 28. Rxc1 Qe6 29.
Re1 Rd5 30. Bc5 Qf5 31. f3 a6 32. Be3 g5 33. Qf2 Rad8 34. Kh2 Rd1 35. Rxd1 Rxd1 36. Qe2 Rd5 37. b3 Qc8 38. b4 Rd3 39. Bc5 Qf5 40. Be3 Bf8 41. Bc1 Be7 42. a4 h5 43. axb5 axb5 44.
Ng3 Qg6 45. Bd2 g4 46. Ne4 gxf3 47. gxf3 Qf5 48. Kg2 h4 49. Be1 Kf7 50. Bf2 Qg6+ 51. Kh2 Bg5 52. Kh1 Bf4 53. Be1 Qf5 54. Kg2 Rd8 55.
Bxh4 Rg8+ 56. Bg3 Bxg3 57. Nd6+ Ke6 58. Nxf5 Bf4+ 59. Kf1 Kxf5 60. Qe4+ Kg5 61. Qc6 Rd8 62. Qxb5 Rd1+ 63. Ke2 Rd2+ 64. Ke1 Rd3 65. Qxc4 Rxf3 66. b5 e4 67. b6 Bg3+ 68. Ke2 Kf4 69. Qf7+ Ke5 70. Qe7+ Kd5 71. b7 Kc6 72. Qxe4+ 1-0

[Event "Early-Titled-Tuesday-Blitz-February-27-2024"]
[Site "Chess.com"]
[Date "2024.02.27"]
[Round "10"]
[White "falzehope0"]
[Black "db-banana"]
[Result "0-1"]
[WhiteElo "2352"]
[BlackElo "2496"]
[TimeControl "180+1"]
[EndTime "9:56:35 PST"]
[Termination "db-banana won on time"]

1. d4 Nf6 2. e3 c5 3. c3 e6 4.
Bd3 d5 5. f4 Bd6 6. Nf3 O-O 7.
O-O Bd7 8. Ne5 Be8 9. Nd2 g6 10. Qf3 Nfd7 11. Qh3 f5 12. g4 Nf6 13. gxf5 exf5 14.
Ndf3 Qe7 15. Bd2 Ne4 16. Be1 Qg7 17. Kh1 Nd7 18. Rg1 Ndf6 19. Bh4 Be7 20. Rg2 Ng4 21. Bxe4 dxe4 22. Ng5 Bxg5 23. Bxg5 h6 24. Bh4 g5 25. fxg5 hxg5 26. Nxg4 fxg4 27. Qxg4 Bd7 28. Qxe4 Rae8 29.
Qxb7 Bf5 30. Qxg7+ Kxg7 31. Rxg5+ Kh6 32. Rg3 Be4+ 33.
Kg1 Kh5 34. Bg5 cxd4 35. cxd4 Rc8 36. Bf4 Rc2 37. b4 Rfc8 38. Rg5+ Kh4 39. Rg7 Rb2 40. Rc7 Rg8+ 41. Bg3+ Kg4 42. Rf7 Bd5 43. Rf4+ Kg5 44.
e4 Bc4 45. e5 Bd5 46. Rf2 Rxb4 47. Rd2 Rf8 48. Rf1 Rc8 49. Kf2 Rcc4 50. Ke3 Rc3+ 51.
Rd3 Rxd3+ 52. Kxd3 Bc4+ 53. Kc3 Ra4 54. Rf2 Bd5 55. Rb2 a5 56. Rf2 Ra3+ 57. Kd2 Rxa2+ 58. Ke3 Ra3+ 59. Kd2 Rb3 60. Kc2 a4 61. Rf1 Ra3 62. Rc1 Ra2+ 63. Kc3 Re2 64. Kb4 Bb3 65. Kc5 Rb2 66. d5 a3 67. d6 a2 68. Ra1 Rd2 69.
Rxa2 Bxa2 70. Kc6 Be6 71. Kc7 Kf5 72. Kd8 Rc2 73. Ke7 Rc8 74. d7 Rc7 0-1

[Event "Early-Titled-Tuesday-Blitz-February-27-2024"]
[Site "Chess.com"]
[Date "2024.02.27"]
[Round "10"]
[White "Kev4444444444"]
[Black "Anton_Demchenko"]
[Result "0-1"]
[WhiteElo "2362"]
[BlackElo "2861"]
[TimeControl "180+1"]
[EndTime "9:56:36 PST"]
[Termination "Anton_Demchenko won by checkmate"]

1. c4 Nf6 2. Nc3 e5 3. g3 Bb4 4. Bg2 O-O 5. Nf3 Re8 6. O-O Bxc3 7. bxc3 d6 8. d3 h6 9. h3 e4 10. Nd2 Bf5 11. d4 Nc6 12. Qa4 Qd7 13. g4 Bh7 14.
Re1 e3 15. fxe3 Ne4 16. Bxe4 Bxe4 17. Nf3 Qe7 18. Bd2 b6 19. Rf1 Na5 20. Kg2 Qe6 21.
d5 Qg6 22. Rf2 c5 23. Kg3 Bxf3 24. Rxf3 Re4 25. Raf1 f6 26. Qd7 Nxc4 27. Bc1 Qf7 28. Qf5 Rae8 29. Rf4 R4e5 30. Qd3 Nxe3 31. R1f3 Nxd5 32.
Rf5 Ne7 33. Rxe5 dxe5 34. Qd7 Ng6 35. Qb5 e4 36. Rf5 Ne5 37. Be3 Qd7 38. Qxd7 Nxd7 39. Rd5 Re7 40. Rd6 Kf7 41. Kf4 g5+ 42. Kg3 Ne5 43.
Rd8 Nc4 44. Bc1 Ke6 45. Rh8 Rd7 46. Rxh6 e3 47. Kf3 Rd1 48. Bxe3 Nxe3 49. Kxe3 Ra1 50. h4 gxh4 51. g5 Rxa2 52. Rxf6+ Ke7 53. Rh6 Ra3 54. Rh7+ Kf8 55. Kd3 b5 56. Rxh4 b4 57. Rc4 b3 58.
Rxc5 a5 59. Rb5 a4 60. e4 Ra2 61. e5 b2 62. Kc2 a3 63. g6 Ra1 64. e6 Rc1+ 65. Kd2 b1=Q 66. Rxb1 Rxb1 67. Kd3 a2 68. Ke4 a1=Q 69. Kf5 Rf1+ 70. Kg5 Re1 71. Kf6 Qxc3+ 72. Kf5 Qe5+ 73. Kg4 Qxe6+ 74. Kg5 Rg1+ 75. Kh6 Qh3# 0-1

[Event "Early-Titled-Tuesday-Blitz-February-27-2024"]
[Site "Chess.com"]
[Date "2024.02.27"]
[Round "10"]
[White "eightbyeightchess"]
[Black "DeArron_Fox"]
[Result "1-0"]
[WhiteElo "2426"]
[BlackElo "2501"]
[TimeControl "180+1"]
[EndTime "9:56:44 PST"]
[Termination "eightbyeightchess won by checkmate"]

1. e4 c5 2. Nf3 e6 3. d4 cxd4 4.
Nxd4 a6 5. Nc3 b5 6. Bd3 Bb7 7. O-O Nc6 8. Nxc6 Bxc6 9. Qe2 b4 10. Nd1 Nf6 11. Bg5 Qc7 12. Ne3 Nxe4 13. Bh4 Bd6 14.
h3 g5 15. Bxe4 Bxe4 16. Bxg5 Rg8 17. Qh5 Bf4 18. h4 Bxg5 19. hxg5 Qf4 20. Qg4 Qxg4 21.
Nxg4 Bxc2 22. Nf6+ Ke7 23. Nxg8+ Rxg8 24. Rac1 Ba4 25. f4 Bc6 26. Rfe1 h6 27. Re5 hxg5 28. Rxg5 Ra8 29. Kf2 a5 30. Rcc5 Bd5 31. Rb5 Bxa2 32. Rxa5 Rxa5 33. Rxa5 Bd5 34. Rb5 b3 35. g4 Kd6 36.
Ke3 Kc6 37. Rb8 Kc5 38. Rf8 e5 39. fxe5 Be6 40. Kf4 Kd5 41. g5 Kd4 42. Rc8 Kd3 43. Rc3+ Kd2 44. Kg3 Kd1 45. Kh4 Kd2 46. Kh5 Kd1 47.
Kh6 Kd2 48. Kg7 Kd1 49. Kf6 Kd2 50. g6 fxg6 51. Kxg6 Kd1 52. Kf6 Bg4 53. Ke7 Be6 54. Kd6 Kd2 55. Kc5 Kd1 56. Kb4 Kd2 57. Rxb3 Bxb3 58.
Kxb3 Ke3 59. Kc4 Ke4 60. b4 Kxe5 61. Kc5 d6+ 62. Kc6 d5 63. b5 d4 64. b6 d3 65. b7 Ke4 66. b8=Q Ke3 67. Qe8+ Kd2 68. Kc5 Kc2 69. Qe4 Kc3 70. Qd4+ Kc2 71. Kb4 d2 72. Qc3+ Kd1 73. Kb3 Ke2 74. Qe5+ Kf2 75. Qf4+ Ke1 76. Qe3+ Kd1 77. Kc3 Kc1 78. Qxd2+ Kb1 79. Qb2# 1-0

[Event "Early-Titled-Tuesday-Blitz-February-27-2024"]
[Site "Chess.com"]
[Date "2024.02.27"]
[Round "10"]
[White "deribas12345"]
[Black "dropstoneDP"]
[Result "0-1"]
[WhiteElo "2581"]
[BlackElo "2992"]
[TimeControl "180+1"]
[EndTime "9:56:47 PST"]
[Termination "dropstoneDP won by resignation"]

1. d4 d5 2. c4 dxc4 3. Nc3 Nf6 4. e3 e6 5. Bxc4 c5 6. Nf3 Nc6 7. d5 exd5 8. Nxd5 Be6 9. Nxf6+ Qxf6 10. Bxe6 Qxe6 11.
O-O Be7 12. Bd2 Bf6 13. Qc2 Rc8 14. Bc3 O-O 15. Bxf6 Qxf6 16. a3 Rfd8 17. Rfd1 b6 18. h3 g6 19. Rac1 Kg7 20. Qe2 Ne5 21. Nxe5 Qxe5 22.
b3 h5 23. Qa6 Qb2 24. Qxa7 Qxb3 25. Rxd8 Rxd8 26. Qc7 Qxa3 27. Rb1 Qd3 28. Rxb6 Rd5 29. Rb8 Qf5 30. Rc8 Rd1+ 31. Kh2 Rd2 32. Qxc5 Qxc5 33. Rxc5 Rxf2 34. Kg3 Rf1 35. Rc4 g5 36. h4 g4 37. Rc5 Kg6 38. Rg5+ Kh6 39. Re5 f6 40. Re8 Kg7 41. Re7+ Kg6 42. Re8 Re1 43. Re7 Kf5 44. Kf2 Rh1 45. Kg3 Ra1 46. Re8 Ra4 47. Kf2 Rb4 48. Rh8 Kg6 49. Rg8+ Kf7 50. Rh8 Rb5 51. Kg3 Ra5 52. Kf4 Kg7 53. Re8 Ra2 54. Kg3 Kf7 55. Rh8 Kg6 56. Rg8+ Kh7 57. Re8 Re2 58. Re7+ Kg6 59.
Re8 Kf7 60. Re4 Kg7 61. Re7+ Kf8 62. Re4 Kf7 63. Kh2 f5 64. Re5 Kf6 65. Re8 Re1 66.
Kg3 Kf7 67. Re5 Kf6 68. Re8 Re2 69. Rf8+ Ke6 70. Re8+ Kd5 71. Kf4 Rf2+ 72. Kg5 g3 73.
Rd8+ Ke4 74. Re8+ Kd3 75. Kxh5 Rxg2 76. Kg5 Rf2 77. h5 g2 78. Rd8+ Ke2 79. Kf6 g1=Q 0-1

[Event "Early-Titled-Tuesday-Blitz-February-27-2024"]
[Site "Chess.com"]
[Date "2024.02.27"]
[Round "10"]
[White "PawnEatingZombie"]
[Black "TioCridineno"]
[Result "1-0"]
[WhiteElo "2193"]
[BlackElo "2396"]
[TimeControl "180+1"]
[EndTime "9:56:50 PST"]
[Termination "PawnEatingZombie won by checkmate"]

1. e4 c5 2. c3 Nf6 3. e5 Nd5 4. Nf3 d6 5. d4 cxd4 6. cxd4 Nc6 7. Bc4 dxe5 8. dxe5 Be6 9. O-O g6 10. Bb5 Bg7 11. Qa4 O-O 12. Bxc6 bxc6 13. Nc3 Qb6 14. Ne4 a5 15. Bd2 Qxb2 16. Rab1 Nb6 17. Qxc6 Qxa2 18. Qxb6 h6 19. Nc5 Bd5 20. Bf4 Qc4 21. Bg3 a4 22.
Rfc1 Qg4 23. h3 Qf5 24. Nd4 Qg5 25. Kh2 Bxe5 26. Nc6 Bxg3+ 27. fxg3 e6 28. h4 Qd2 29.
Rg1 Rfe8 30. Qc7 Kf8 31. Nd7+ Kg7 32. Qe5+ Kg8 33. Nf6+ Kf8 34. Nxe8 Kxe8 35. Nd4 Rd8 36. Nf3 Qd3 37. Qh8+ Ke7 38. Qxh6 Qf5 39. Qg5+ Ke8 40. Qxf5 gxf5 41. Nd4 a3 42. Nb3 a2 43. Rb2 Ra8 44. Ra1 Ra3 45. Nc1 f4 46. Rbxa2 Rc3 47. gxf4 Rc4 48.
g3 Ke7 49. Kh3 Kf6 50. Kh2 Be4 51. Rd2 Bf5 52. Ne2 Rb4 53. Nd4 Bg4 54. Nc6 Rb3 55.
Ne5 Bh5 56. Re1 Ra3 57. g4 Bg6 58. h5 Bh7 59. g5+ Kf5 60. g6 fxg6 61. hxg6 Bxg6 62. Nxg6 Kxg6 63. Rxe6+ Kf5 64. Re5+ Kg4 65. Rg5+ Kxf4 66. Rg7 Ra1 67. Rdg2 Kf5 68. R7g5+ Kf6 69. R5g3 Kf5 70. Re3 Kf4 71. Re7 Kf5 72. Rf2+ Kg6 73. Re6+ Kg7 74. Re3 Ra6 75. Rg3+ Kh6 76. Kg1 Kh7 77. Rh2+ Rh6 78. Rxh6+ Kxh6 79. Kf2 Kh5 80. Kf3 Kh4 81. Rg1 Kh5 82.
Kf4 Kh4 83. Rh1# 1-0

[Event "Early-Titled-Tuesday-Blitz-February-27-2024"]
[Site "Chess.com"]
[Date "2024.02.27"]
[Round "10"]
[White "Mesa_1"]
[Black "Quattroporte300"]
[Result "0-1"]
[WhiteElo "2488"]
[BlackElo "2423"]
[TimeControl "180+1"]
[EndTime "9:56:51 PST"]
[Termination "Quattroporte300 won on time"]

1. e4 c5 2. Nc3 e6 3. Nf3 Nc6 4. d4 cxd4 5. Nxd4 Nf6 6. Ndb5 d6 7. Bf4 e5 8. Bg5 a6 9. Na3 b5 10. Bxf6 gxf6 11. Nd5 f5 12. Bd3 f4 13. Qh5 Bg7 14. g3 fxg3 15. hxg3 Be6 16. O-O-O Kd7 17. f4 h6 18. f5 Bxd5 19. exd5 Nb4 20. Qxf7+ Qe7 21. Qh5 Qg5+ 22. Qxg5 hxg5 23. g4 Nxa2+ 24. Kb1 Nb4 25. Be4 a5 26. Nxb5 Na6 27. Rdf1 Bf6 28. Nc3 Nc5 29. Bd3 Rab8 30. Ne4 Nxe4 31. Bxe4 Rxh1 32. Rxh1 Rb4 33. Rh7+ Ke8 34. Bg2 Rxg4 35. Bf3 Rf4 36. Bh5+ Kd8 37. Ra7 a4 38. Ra6 Be7 39. Be2 Rxf5 40.
Rxa4 Rf4 41. Ra8+ Kc7 42. c3 g4 43. Rg8 Bh4 44. Bxg4 Rf2 45. Rc8+ Kb7 46. Rh8 Bf6 47. Re8 Kb6 48. Ka2 Kc5 49. Be6 e4 50. Bf5 Bxc3 51.
Bxe4 Rxb2+ 52. Ka3 Rb6 53. Rc8+ Kd4 54. Bf3 Bb2+ 55.
Ka2 Bc3 56. Be2 Rb2+ 57. Ka3 Rxe2 58. Kb3 Rb2+ 59. Ka3 Rb5 60. Ka2 Rxd5 61. Kb1 Rb5+ 62. Kc2 Rb2+ 63. Kc1 Rh2 64. Rg8 d5 65. Rg3 Kc4 66. Kd1 d4 67. Rg8 Rh1+ 68. Ke2 d3+ 69. Ke3 Re1+ 70. Kf2 Re7 71. Rc8+ Kb3 72. Rb8+ Kc2 73.
Rb7 Rxb7 0-1